 Dungeon Crawl Stone Soup version 0.21-a0-140-g479285b (webtiles) character file.

79 Kurtz the Slasher (level 4, 26/26 HPs)
             Began as a Tengu Gladiator on July 19, 2017.
             Was a Follower of Kikubaaqudgha.
             Quit the game on level 2 of the Dungeon.
             The game lasted 00:01:19 (1706 turns).

Kurtz the Slasher (Tengu Gladiator)                 Turns: 1706, Time: 00:01:20

Health: 26/26      AC:  3    Str: 16    XL:     4   Next: 38%
Magic:  5/5        EV: 13    Int:  8    God:    Kikubaaqudgha [*.....]
Gold:   101        SH:  0    Dex: 15    Spells: 3/3 levels left

rFire    . . .     SeeInvis .   a - +0 long sword
rCold    . . .     Gourm    .   (no shield)
rNeg     . . .     Faith    .   b - +0 leather armour
rPois    .         Spirit   .   c - +0 hat
rElec    .         Reflect  .   (no cloak)
rCorr    .         Harm     .   (no gloves)
MR       .....                  (boots unavailable)
Stlth    ..........             (no amulet)
HPRegen  0.08/turn              p - ring of loudness (curse)
MPRegen  0.09/turn              (no ring)

@: no status effects
A: beak, talons 3
a: Receive Corpses, Renounce Religion


You were on level 2 of the Dungeon.
You worshipped Kikubaaqudgha.
Kikubaaqudgha was aware of your devotion.
You were not hungry.

You visited 1 branch of the dungeon, and saw 2 of its levels.

You collected 101 gold pieces.

Inventory:

Hand Weapons
 a - a +0 long sword (weapon)
Missiles
 d - 3 throwing nets (quivered)
Armour
 b - a +0 leather armour (worn)
 c - a +0 hat (worn)
Jewellery
 p - a cursed ring of loudness (left hand)
Scrolls
 e - 3 scrolls of enchant armour {unknown}
 j - 2 scrolls of recharging {unknown}
 k - a scroll of immolation {unknown}
 l - a scroll of teleportation {unknown}
 m - 2 scrolls of remove curse {unknown}
 n - 2 scrolls of identify {unknown}
Potions
 h - a potion of mutation {unknown}
 o - a potion of curing {unknown}
 q - 2 potions of invisibility {unknown}
 s - a potion of haste {unknown}
Books
 r - Kikubaaqudgha's Papyrus of Necromancy
   (Kikubaaqudgha gifted it to you on level 2 of the Dungeon)

   Spells                             Type                      Level
   a - Pain                           Necromancy                   1
   b - Corpse Rot                     Necromancy                   2
   c - Sublimation of Blood           Necromancy                   2
   d - Regeneration                   Charms/Necromancy            3
   e - Control Undead                 Necromancy                   4
Comestibles
 f - 2 bread rations
 g - a chunk of flesh
 i - a royal jelly


   Skills:
 - Level 2.0 Fighting
 * Level 5.5 Long Blades
 - Level 2.0 Throwing
 - Level 3.2 Dodging


You had 3 spell levels left.
You didn't know any spells.

Dungeon Overview and Level Annotations

Branches:
Dungeon (2/15)

Altars:
Kikubaaqudgha


Innate Abilities, Weirdness & Mutations

You have a beak for a mouth.
You have claws for feet.


Message History

There is a faded altar of an unknown god here.
You cannot tell which god this altar belongs to.
Convert to them anyway?
Kikubaaqudgha accepts your prayer! Kikubaaqudgha welcomes you!
You can now receive cadavers from Kikubaaqudgha.
You see here Kikubaaqudgha's Papyrus of Necromancy.
Kikubaaqudgha grants you a gift! r - Kikubaaqudgha's Papyrus of Necromancy
Okay, then.
Unknown command.
Press < or > to pray at altars.
Unknown command.
Press < or > to pray at altars.
Unknown command.
Press < or > to pray at altars.
Some of the chunks of flesh in your inventory have rotted away.
s - a brown potion
f - 2 bread rations (gained 1)
A quokka comes into view.
Are you sure you want to abandon this character and quit the game? (Confirm with "yes".)

##..............#
#........#
................#
#........#
.♣....####.######
##########
♣....♣♣.##.#
♣♣♣♣♣.♣♣.#.#########
....♣.♣♣♣..........#
.♣♣♣.♣♣.♣.########.#
..♣♣♣.♣..#.......#.#
♣♣.♣♣♣♣♣♣..#####@#.#
♣.♣.♣♣.♣.#.#.....#.#
♣_♣♣♣♣...#.#.#...#.#
♣♣♣♣♣♣♣..#.# #r#.#.#
♣♣♣...♣....# #.#.#.#
.........#.# ....#.#
####.....#.#######.#
#######.........#
###########


You could see a quokka.

Vanquished Creatures
  4 adders
  An ooze (D:2)
  A worm (D:2)
  3 dart slugs (D:2)
  A giant cockroach (D:2)
  4 hobgoblins
  2 kobolds (D:1)
  3 bats
  2 frilled lizards (D:1)
  5 goblins (D:1)
  9 rats
35 creatures vanquished.

Notes
Turn   | Place    | Note
-------+----------+-------------------------------------------
     0 | D:1      | Kurtz the Tengu Gladiator began the quest for the Orb.
     0 | D:1      | Reached XP level 1. HP: 12/12 MP: 2/2
     1 | D:1      | Noticed an electric eel
   294 | D:1      | Reached XP level 2. HP: 16/17 MP: 3/3
   484 | D:1      | Reached skill level 4 in Long Blades
   645 | D:1      | Reached XP level 3. HP: 21/21 MP: 4/4
  1185 | D:2      | Reached skill level 5 in Long Blades
  1411 | D:2      | Reached XP level 4. HP: 22/26 MP: 5/5
  1552 | D:2      | Found a faded altar of an unknown god.
  1600 | D:2      | Became a worshipper of Kikubaaqudgha
  1600 | D:2      | Reached * piety under Kikubaaqudgha
  1600 | D:2      | Identified Kikubaaqudgha's Papyrus of Necromancy (Kikubaaqudgha gifted it to you on level 2 of the Dungeon)
  1600 | D:2      | Received a gift from Kikubaaqudgha
  1706 | D:2      | Quit the game

Vault maps used:
D:1:      arrival_aquarium_a
D:2:      first_bread, chequers_ecumenical_altar_grove

Skill      XL: |  1  2  3 |
---------------+----------+-----
Long Blades    | 4 5 |  5.5
Fighting       | |  2.0
Throwing       | |  2.0
Dodging        | |  3.2

Action                   |  1- 3 |  4- 6 || total
-------------------------+-------+-------++-------
Melee: Long sword        |    51 |    12 ||    63
       Kick              |    12 |     3 ||    15
       Peck              |     7 |     2 ||     9
 Stab: Sleeping          |     3 |       ||     3
  Eat: Chunk             |     2 |       ||     2
Armor: Leather armour    |     7 |     3 ||    10
Dodge: Dodged            |    34 |     5 ||    39
       Rpst.: Long sword |    12 |     3 ||    15
